 Dungeon Crawl Stone Soup version 0.29-a0-878-g7b45a56547 (webtiles) character file.

Game seed: 685689742529507608

56 IdlyInterested the Sneak (level 3, -4/29 HPs)
             Began as a Demonspawn Brigand on July 19, 2022.
             Killed from afar by an orc wizard (9 damage)
             ... with a puff of flame
             ... on level 3 of the Dungeon.
             The game lasted 00:06:28 (2194 turns).

IdlyInterested the Sneak (Demonspawn Brigand)       Turns: 2194, Time: 00:06:29

Health: -4/29      AC:  3    Str: 11    XL:     3   Next: 71%
Magic:  3/3        EV: 12    Int: 12    God:
Gold:   134        SH:  0    Dex: 16    Spells: 2/2 levels left

rFire   . . .      SeeInvis .   a - +2 dagger
rCold   . . .      Faith    .   (no shield)
rNeg    . . .      Spirit   .   b - +0 robe
rPois   .          Reflect  .   (no helmet)
rElec   .          Harm     .   c - +0 cloak
rCorr   .          Rampage  .   (no gloves)
Will    .....                   (no boots)
Stlth   +++.......              (no amulet)
HPRegen 0.09/turn               (no ring)
MPRegen 0.08/turn               (no ring)

@: invisible
A: powered by death 1
a: no special abilities


You were on level 3 of the Dungeon.
You visited 1 branch of the dungeon, and saw 3 of its levels.

You collected 134 gold pieces.

Inventory:

Hand Weapons
 a - a +2 dagger (weapon)
 g - a +0 short sword
 j - a +0 short sword of speed
Missiles
 d - 9 poisoned darts (quivered)
 e - 3 curare-tipped darts
 r - 5 javelins
Armour
 b - a +0 robe (worn)
 c - a +0 cloak (worn)
 f - a +0 scale mail
 l - an orb of light
 n - a +0 chain mail
 o - a +0 ring mail
 p - an orb of energy
Magical Staves
 q - a staff of death
Scrolls
 i - a scroll of teleportation
 s - a scroll of magic mapping {unknown}
 t - a scroll of enchant armour {unknown}
 u - a scroll of silence {unknown}
Potions
 h - 4 potions of curing {unknown}
 m - a potion of cancellation {unknown}
 v - a potion of heal wounds {unknown}


   Skills:
 * Level 3.6 Fighting
 - Level 2.0 Short Blades
 - Level 2.0 Throwing
 - Level 1.0 Dodging
 + Level 3.8 Stealth


You had 2 spell levels left.
You didn't know any spells.
Your spell library contained the following spells:

 Spells                   Type           Power      Damage    Failure   Level
 Foxfire                  Conj/Fire      0%         2x1d4     32%         1
 Conjure Flame            Conj/Fire      0%         6-21      69%         3
 Inner Flame              Hex/Fire       0%         N/A       69%         3
 Ozocubu's Armour         Ice            0%         N/A       69%         3
 Summon Guardian Golem    Hex/Summ       0%         N/A       69%         3
 Flame Wave               Conj/Fire      0%         2d4       97%         4
 Petrify                  Tmut/Erth      0%         N/A       97%         4
 Metabolic Englaciation   Hex/Ice        0%         N/A       100%        5
 Statue Form              Tmut/Erth      0%         N/A       100%        6
 Orb of Destruction       Conj           0%         9d5       100%        7
 Ozocubu's Refrigeration  Ice            0%         4d5       100%        7
 Spellforged Servitor     Conj/Summ      0%         N/A       100%        7


Dungeon Overview and Level Annotations

Branches:
Dungeon (3/15)

Altars:
Qazlal

Shops:
D:3 (


Innate Abilities, Weirdness & Mutations

You regenerate a little health from kills.


Message History

You resist with significant effort.
You hear a shout!
You hit the orc wizard.
The orc wizard is moderately wounded.
The orc wizard hits you with a +0 dagger.
You hit the orc wizard.
The orc wizard is moderately wounded.
The orc wizard misses you.
You hit the orc wizard.
The orc wizard is moderately wounded.
You hit the orc wizard.
The orc wizard is severely wounded.
The orc wizard gestures at you while chanting.
The puff of flame misses you.
You hit the orc wizard.
The orc wizard is almost dead.
The orc wizard casts a spell at you. The magic dart hits you!
You hit the orc wizard but do no damage.
The orc wizard is almost dead.
The orc wizard hits you with a +0 dagger.
You hit the orc wizard but do no damage.
The orc wizard is almost dead.
The orc wizard casts a spell at you. The magic dart hits you.
* * * LOW HITPOINT WARNING * * *
You hit the orc wizard.
The orc wizard is almost dead.
The orc wizard casts a spell.
The orc wizard flickers and vanishes!
Deactivating autopickup; reactivate with Ctrl-A.
You miss something. Something hits you.
* * * LOW HITPOINT WARNING * * *
You closely miss something. Something hits you.
* * * LOW HITPOINT WARNING * * *
You fade into invisibility!
You hear some strange, mumbled words.
A puff of flame appears from out of thin air!
The puff of flame hits you!
You die...

.≈≈... >≈≈...
≈≈≈.≈.. ≈≈≈≈≈.. ..
≈≈≈.... .. ......
###. ...... #..
##### #.###
###.########......
..#
#...##....@{r.....
.##
#......#####......
.# #....### .....
.# #.##.# .### ##
#.##.# .# ##.##..
# ##..####. #
##..## .# # #..##
#


You could see a quokka (unable to see you).

Vanquished Creatures
  2 adders
  A worm (D:2)
  A dart slug (D:1)
  4 bats
  An endoplasm (D:2)
  A giant cockroach (D:3)
  2 goblins (D:2)
  6 hobgoblins
  3 kobolds (D:1)
  2 quokkas
  3 ball pythons
  4 frilled lizards
  3 rats
33 creatures vanquished.

Notes
Turn   | Place    | Note
-------+----------+-------------------------------------------
     0 | D:1      | IdlyInterested the Demonspawn Brigand began the quest for
                  | the Orb.
     0 | D:1      | Reached XP level 1. HP: 16/16 MP: 1/1
     8 | D:1      | Found a faded altar of an unknown god.
   294 | D:1      | Gained mutation: You regenerate a little health from kills.
                  | [demonic ancestry]
   294 | D:1      | Reached XP level 2. HP: 11/23 MP: 2/2
   508 | D:1      | Reached skill level 1 in Dodging
  1474 | D:2      | Reached XP level 3. HP: 13/29 MP: 3/3
  1758 | D:3      | Found Anuxaymu's Weapon Emporium.
  1781 | D:3      | Found a stormy altar of Qazlal.
  2194 | D:3      | Killed from afar by an orc wizard

Illustrated notes

Levels and vault maps discovered:
D:1:      dpeg_arrival_rhombus, layout_loops_ring, basic_ecumenical_altar
D:2:      kennysheep_big_flooded_room, layout_basic, dreamdust_mushroom_princess
D:3:      layout_rooms, nicolae_qazlal_general_emergency, serial_shops,
          nicolae_shop_bloodbath_and_beyond, uniq_ijyb

Skill      XL: |  1  2 |
---------------+-------+-----
Short Blades   | 2 |  2.0
Dodging        | 1 |  1.0
Fighting       | 3 |  3.6
Throwing       | 2 |  2.0
Stealth        | |  3.8

Action                   || total
-------------------------++-------
Melee: Dagger            ||   119
Throw: Dart              ||     3
  Use: Scroll            ||     5
       Potion            ||     1
 Stab: Sleeping          ||    10
Armor: Robe              ||    47
Dodge: Dodged            ||    99

Table legend: (Time is in decaauts)
 A = Elapsed time spent in this place.
 B = Non-inter-level travel time spent in this place.
 C = Inter-level travel time spent in this place.
 D = Time resting spent in this place.
 E = Time spent auto-exploring this place.
 F = Levels seen in this place.
 G = Mean time per level.
                   A        B        C        D        E       F      G
               +--------+--------+--------+--------+--------+-----+--------+
         Total |   2181 |   2046 |    135 |    505 |   1060 |   3 |  727.0 |
       Dungeon |   2181 |   2046 |    135 |    505 |   1060 |   3 |  727.0 |
               +--------+--------+--------+--------+--------+-----+--------+

Top non-repeatable levels by time:
     D:2: 909 daAuts
     D:1: 894 daAuts
     D:3: 377 daAuts
